Map: Protocolo central

Players

xXkazperXx

  • Race: Zerg Zerg

JimBean - Winner!

  • Race: Terran Terran
  • League: Bronze

VOD

Have the link to the VOD?

Description

Time

  • Played on: March 12, 2016, 6:32 p.m.
  • Length: 18:08
Show
View Real Time Build Order
Export as new Build Order

xXkazperXx Zerg 

Build Orders: Pool First 

Get SALT Encoding   

  12  0:02  Drone  
  13  0:10  Drone  
  14  0:16  Overlord  
  14  0:26  Overlord  
  14  0:47  Drone  
  14  0:48  Spawning Pool  
  14  0:49  Drone  
  15  1:03  Drone x2  
  17  1:07  Extractor  
  17  1:10  Drone  
  17  1:22  Drone  
  18  1:37  Queen  
  18  1:39  Drone  
  21  1:46  Drone  
  22  1:55  Zergling x2  
  23  2:06  Zergling x2  
  24  2:13  Lair  
  24  2:19  Drone  
  25  2:25  Extractor  
  25  2:26  Zergling x2  
  25  2:40  Drone  
  25  2:41  Roach Warren  
  25  2:50  Zergling x6  
  28  2:55  Drone  
  29  3:09  Spine Crawler  
  29  3:12  Drone  
  29  3:18  Overlord  
  29  3:26  Drone  
  30  3:32  Spine Crawler  
  30  3:34  Drone  
  30  3:39  Overseer  
  30  3:41  Metabolic Boost  
  30  3:47  Hydralisk Den  
  29  3:48  Drone  
  29  3:49  Drone  
  31  4:00  Roach  
  33  4:09  Spore Crawler  
  32  4:13  Pneumatized Carapace  
  32  4:22  Overseer  
  32  4:26  Roach x3  
  38  4:40  Hatchery  
  37  4:46  Spore Crawler  
  37  4:49  Spine Crawler  
  37  4:50  Drone x3  
  38  4:52  Overlord  
  38  5:10  Hydralisk  
  38  5:12  Hydralisk  
  42  5:38  Drone x2  
  44  6:08  Burrow  
  44  6:10  Drone x3  
  47  6:13  Drone x2  
  47  6:14  Queen  
  51  6:22  Extractor  
  50  6:28  Ravager  
  51  6:35  Muscular Augments  
  51  6:41  Spire  
  34  7:38  Hydralisk x2  
  34  7:39  Hydralisk  
  40  7:44  Roach  
  40  7:45  Roach x2  
  46  7:57  Drone  
  47  8:05  Spine Crawler  
  47  8:10  Spine Crawler  
  47  8:11  Drone  
  46  8:14  Drone x3  
  46  8:19  Mutalisk  
  51  8:27  Overlord  
  51  8:42  Extractor  
  51  8:47  Mutalisk  
  51  8:48  Mutalisk x2  
  54  8:50  Overlord x2  
  54  8:51  Overlord  
  56  8:59  Ravager x3  
  59  9:03  Lurker Den  
  51  9:29  Drone x3  
  41  9:36  Zergling x6  
  37  9:48  Spine Crawler  
  37  9:50  Corruptor  
  35  10:15  Mutalisk x4  
  43  10:32  Extractor  
  42  10:39  Zergling x6  
  45  10:43  Hatchery  
  44  10:57  Zergling x2  
  45  11:04  Drone  
  25  11:56  Roach x4  
  33  12:19  Hydralisk x2  
  34  12:30  Nydus Network  
  34  12:35  Ravager  
  34  12:36  Ravager  
  35  13:15  Lurker  
  35  13:16  Lurker  
  37  13:27  Mutalisk x3  
  43  13:42  Hatchery  
  42  13:52  Drone  
  42  13:53  Drone  
  44  14:00  Zerg Flyer Armor Level 1  
  35  14:41  Hydralisk x3  
  35  14:44  Zergling x6  
  44  15:00  Zergling x2  
  45  15:19  Zergling x2  
  45  15:20  Zergling x2  
  47  15:23  Zergling x6  
  50  15:40  Extractor  
  49  15:53  Roach x3  
  46  16:23  Drone x2  
  48  16:28  Extractor  
  47  16:52  Drone x3  
  50  17:21  Lurker  
  49  17:38  Lurker  
  49  17:42  Zergling x6  
Show
View Real Time Build Order
Export as new Build Order

JimBean Terran - Winner!

Build Orders: Command Center First (CC) 

Get SALT Encoding   

  12  0:13  SCV  
  13  0:25  SCV  
  14  0:37  SCV  
  15  0:51  Command Center  
  15  1:12  Supply Depot  
  15  1:31  Supply Depot  
  15  1:33  SCV  
  15  1:38  Supply Depot  
  16  1:45  SCV  
  17  1:58  SCV  
  18  2:04  Barracks  
  18  2:10  SCV  
  18  2:11  SCV  
  20  2:22  SCV  
  21  2:23  SCV  
  22  2:33  Refinery  
  22  2:34  SCV  
  23  2:38  Refinery  
  23  2:46  SCV  
  23  2:50  SCV  
  25  2:53  Barracks  
  25  2:55  Marine  
  27  2:58  SCV  
  27  3:03  SCV  
  28  3:13  Marine  
  28  3:15  SCV  
  30  3:21  Orbital Command  
  30  3:27  SCV  
  30  3:31  Marine  
  32  3:34  Engineering Bay  
  32  3:39  SCV  
  33  3:48  Barracks Tech Lab  
  33  3:49  Marine  
  33  3:51  SCV  
  35  3:58  Refinery  
  35  4:00  Engineering Bay  
  35  4:03  SCV  
  35  4:04  Refinery  
  35  4:07  Marine  
  37  4:15  SCV  
  38  4:18  Combat Shields  
  38  4:22  Marauder  
  40  4:24  Marine  
  41  4:39  Barracks  
  41  4:42  Marine  
  41  4:44  Marauder  
  44  4:56  Barracks  
  44  5:00  Marine  
  44  5:05  Marauder  
  47  5:21  Barracks Tech Lab  
  47  5:27  Marauder  
  49  5:30  SCV  
  50  5:42  SCV  
  50  5:48  Marauder  
  53  5:55  SCV  
  54  5:58  Barracks  
  54  6:29  Supply Depot  
  54  6:36  Supply Depot  
  54  6:38  Supply Depot  
  54  6:44  Factory  
  54  6:47  Barracks Tech Lab  
  54  6:50  Marine x2, Marauder x2, SCV  
  61  7:02  SCV  
  61  7:03  Supply Depot  
  61  7:08  Marine x2  
  58  7:12  Marauder x2  
  58  7:14  SCV  
  62  7:25  Marine  
  62  7:26  Marine  
  64  7:33  Marauder x2  
  68  7:43  Marine x2  
  69  7:48  Marauder  
  71  7:55  Marauder x2  
  75  7:58  Barracks  
  75  8:01  Marine x2  
  77  8:10  Marauder  
  79  8:15  Marine x2  
  79  8:18  Command Center  
  79  8:19  Marine x2  
  83  8:23  Engineering Bay  
  83  8:31  Marine  
  83  8:34  Marauder  
  86  8:46  Barracks  
  86  8:51  Engineering Bay  
  86  9:13  Marine  
  86  9:14  Marine  
  86  9:18  Marauder  
  86  9:19  Marine x2  
  86  9:21  Armory  
  76  9:31  Marine  
  74  9:32  Marine  
  74  9:37  Marine x2  
  78  9:39  Marine  
  79  9:49  Marauder  
  79  9:50  Marauder  
  83  9:55  Marine x2  
  83  9:57  Marauder  
  82  10:11  Marauder  
  82  10:12  Marauder  
  82  10:13  Marine x2  
  85  10:18  Marauder  
  83  10:31  Marine x2  
  83  10:32  Marauder  
  83  10:33  Marine  
  88  10:39  Marine  
  88  10:42  Terran Infantry Armor Level 1  
  89  10:43  Terran Infantry Weapons Level 1  
  89  10:48  Marine x2  
  91  10:50  Concussive Shells  
  91  10:51  Stimpack, Marauder  
  91  10:53  Marauder  
  95  10:57  Marine  
  96  11:06  Marine x2  
  98  11:12  Marine  
  98  11:14  Marine  
  98  11:15  Marine  
  101  11:26  Marine  
  101  11:27  Marine  
  101  11:30  Marine  
  101  11:49  Marine x2  
  101  11:52  Marauder  
  101  12:41  Supply Depot  
  101  12:42  Supply Depot  
  101  12:44  Supply Depot  
  101  12:46  Supply Depot  
  101  13:02  Marine x2  
  101  13:03  Marauder x3  
  109  13:20  Marine x2  
  109  13:24  Marauder x3  
  117  13:27  Terran Infantry Armor Level 2  
  117  13:28  Terran Infantry Weapons Level 2  
  117  13:36  Building Armor  
  117  13:46  Marauder x2  
  121  13:56  Planetary Fortress  
  121  14:00  Orbital Command  
  121  14:07  Marine  
  114  14:23  Orbital Command  
  78  15:02  Starport  
  78  15:04  Starport  
  78  15:07  Starport  
  78  15:20  Starport  
  78  15:41  Refinery  
  78  15:42  Starport  
  78  15:45  Refinery, Starport  
  78  15:48  Starport  
  78  15:52  Starport Tech Lab x3  
  78  16:16  Marine x5  
  83  16:25  Raven x2  
  83  16:31  Viking x2  
  91  16:33  Marine  
  91  16:34  Marine x4  
  96  16:51  Marine x2  
  96  16:52  Marine x3  
  101  17:01  Medivac  
  101  17:08  Raven x2  
  103  17:09  Marine x4  
  103  17:10  Marine  
  112  17:27  Marine  
Tags
 
Add a new tag
Caveats
  • Supply blocks, unpowered buildings, or Contaminate may cause inaccurate times.
  • Supply counts are checked every 10 seconds.